 Dungeon Crawl Stone Soup version 0.21.0-3-g78d12a8 (webtiles) character file.

137 microfolk the Ducker (level 5, -2/53 HPs)
             Began as a Troll Fighter on Jan 16, 2018.
             Slain by an orc
             ... wielding a +2 short sword of protection
              (4 damage)
             ... on level 2 of the Dungeon.
             The game lasted 00:04:15 (1612 turns).

microfolk the Ducker (Troll Fighter)                Turns: 1612, Time: 00:04:16

Health: -2/53      AC:  5    Str: 25    XL:     5   Next: 0%
Magic:  4/4        EV:  8    Int:  4    God:
Gold:   115        SH:  8    Dex:  9    Spells: 4/4 levels left

rFire    . . .     SeeInvis .     - Unarmed
rCold    . . .     Gourm    +   b - +0 shield
rNeg     . . .     Faith    .   a - +0 robe
rPois    .         Spirit   .   (helmet restricted)
rElec    .         Reflect  .   (no cloak)
rCorr    .         Harm     .   (gloves unavailable)
MR       .....                  (boots unavailable)
Stlth    +.........             (no amulet)
HPRegen  0.57/turn              (no ring)
MPRegen  0.09/turn              (no ring)

@: no status effects
A: large, unfitting armour, claws 3, fast metabolism 3, gourmand, regeneration
1, shaggy fur 1, tough skin 2
a: no special abilities


You were on level 2 of the Dungeon.
You were very full.

You visited 1 branch of the dungeon, and saw 3 of its levels.

You collected 115 gold pieces.

Inventory:

Missiles
 e - 41 stones (quivered)
Armour
 a - a +0 robe (worn)
 b - a +0 shield (worn)
Jewellery
 g - a cursed -2 ring of protection {unknown}
 l - a cursed ring of teleportation {unknown}
Scrolls
 f - a scroll of blinking {unknown}
 h - a scroll of fog {unknown}
 i - 2 scrolls of teleportation
 j - a scroll of enchant weapon
 k - a scroll of remove curse {unknown}
 m - a scroll of noise {unknown}
Potions
 c - a potion of might
Comestibles
 d - 6 rations


   Skills:
 + Level 3.1 Fighting
 + Level 1.8 Throwing
 + Level 3.1 Dodging
 - Level 2.4 Shields
 + Level 3.0 Unarmed Combat


You had 4 spell levels left.
You didn't know any spells.

Dungeon Overview and Level Annotations

Branches:
Dungeon (3/15)

Altars:


Innate Abilities, Weirdness & Mutations

You are too large for most types of armour.
You have claws for hands.
Your metabolism is lightning-fast.
You like to eat raw meat.
Your natural rate of healing is unusually fast.
You are covered in fur. (AC +1)
You have very tough skin. (AC +2)


Message History

You closely miss the orc.
The orc is heavily wounded.
The orc hits you with a short sword of protection.
* * * LOW HITPOINT WARNING * * *
You barely miss the orc.
The orc is heavily wounded.
The orc hits you with a short sword of protection.
* * * LOW HITPOINT WARNING * * *
Your shield prevents you from hitting the orc.
The orc is heavily wounded.
The orc hits you with a short sword of protection!
* * * LOW HITPOINT WARNING * * *
Okay, then.
You barely miss the orc.
The orc is heavily wounded.
You block the orc's attack.
You closely miss the orc.
The orc is heavily wounded.
The orc hits you with a short sword of protection.
You die...

##### ....# ....# ....#
.[[.# ....##############
...............o@##########
.....##.#####.##†#........#
.....##.# #....#.#####.##
.....##.# ###..#.#...#.#
####.##.# #..#.#.#.#.#
#.##.# #..#.#.#.#.# #.##.#
#..#.#.#.#.#
#.##.#######..#.#...).#
####.##.#........#.....###


You could see an orc.

Vanquished Creatures
  Robin (D:2)
  5 adders
  A worm (D:2)
  A dart slug (D:2)
  3 leopard geckos
  3 orcs
  A ball python (D:1)
  2 bats
  2 giant cockroaches
  12 goblins
  11 hobgoblins
  7 jackals (D:1)
  A quokka (D:2)
  2 frilled lizards (D:2)
  7 kobolds
  5 rats
64 creatures vanquished.

Vanquished Creatures (others)
  A plant (D:1)
1 creature vanquished.

Grand Total: 65 creatures vanquished

Notes
Turn   | Place    | Note
-------+----------+-------------------------------------------
     0 | D:1      | microfolk the Troll Fighter began the quest for the Orb.
     0 | D:1      | Reached XP level 1. HP: 22/22 MP: 0/0
   117 | D:1      | Reached XP level 2. HP: 27/29 MP: 1/1
   334 | D:1      | Reached skill level 1 in Throwing
   350 | D:1      | Reached XP level 3. HP: 36/36 MP: 2/2
   679 | D:2      | Noticed Robin
   688 | D:2      | Killed Robin
   904 | D:2      | Reached XP level 4. HP: 44/44 MP: 3/3
  1595 | D:2      | Reached XP level 5. HP: 20/53 MP: 4/4
  1610 | D:2      | HP: 1/53 [orc/short sword of protection (9)]
  1612 | D:2      | Slain by an orc

Skill      XL: |  1  2  3  4 |
---------------+-------------+-----
Throwing       | 1 |  1.8
Dodging        | 3 |  3.1
Fighting       | 3 |  3.1
Unarmed Combat | 3 |  3.0
Shields        | |  2.4

Action                   |  1- 3 |  4- 6 || total
-------------------------+-------+-------++-------
Melee: Unarmed           |   118 |    77 ||   195
Throw: Stone             |     8 |    21 ||    29
  Use: Scroll            |       |     2 ||     2
 Stab: Sleeping          |     1 |       ||     1
  Eat: Chunk             |    14 |     6 ||    20
Armor: Robe              |    23 |    18 ||    41
Dodge: Dodged            |    35 |    32 ||    67
Block: Shield            |    48 |    28 ||    76
